 Dungeon Crawl Stone Soup version 0.16-a0-321-g9a421ca (webtiles) character file.

40 PolkaDot the Caller (level 3, -7/25 HPs)
             Began as a Vampire Summoner on Sept 2, 2014.
             Mangled by Sigmund
             ... wielding a +0 scythe
              (11 damage)
             ... on Level 2 of the Dungeon.
             The game lasted 00:04:42 (1179 turns).

PolkaDot the Caller (Vampire Summoner)              Turns: 1179, Time: 00:04:43

HP  -7/25        AC  9     Str  7      XL: 3   Next: 30%
MP   1/6         EV 14     Int 18      God:
Gold 51          SH  0     Dex 16      Spells:  2 memorised,  3 levels left

rFire  . . .     SeeInvis +     c - +0 short sword
rCold  . . .     Clarity  .     j - +2 robe {MR+}
rNeg   . . .     rCorr    .     (no shield)
rPois  .         rRot     .     (helmet restricted)
rElec  .         Spirit   .     h - +0 cloak
SustAb .         Warding  .     (no gloves)
rMut   .         Stasis   .     (no boots)
Gourm  .                        (no amulet)
MR     +....                    (no ring)
                                a - +1 ring of evasion

@: very slightly contaminated, regenerating quickly, somewhat resistant to
hostile enchantments, fairly stealthy
A: antennae 1, fangs 3, iridescent scales 1, see invisible, agile 1, unbreathing
a: no special abilities


You were on level 2 of the Dungeon.
You were full.

You visited 1 branch of the dungeon, and saw 2 of its levels.

You collected 51 gold pieces.

Inventory:

Hand weapons
 c - a +0 short sword (weapon)
Armour
 h - a +0 cloak (worn)
 j - a +2 robe of magic resistance (worn)
Scrolls
 e - a scroll of noise {unknown}
 g - a scroll of recharging {unknown}
 i - a scroll of identify {unknown}
Jewellery
 a - a +1 ring of evasion (left hand)
Potions
 d - a potion of mutation {!q}
 f - a potion of haste
Books
 b - a book of Callings

   Spells                             Type                      Level
   *Summon Small Mammal               Summoning                    1
   *Call Imp                          Summoning                    2
   Call Canine Familiar               Summoning                    3
   Summon Guardian Golem              Hexes/Summoning              4
   Summon Lightning Spire             Summoning/Air                4
   Summon Ice Beast                   Ice/Summoning                4


   Skills:
 + Level 0.6 Fighting
 - Level 2.1 Dodging
 - Level 3.0 Stealth
 - Level 2.0 Spellcasting
 * Level 5.0 Summonings


You had 3 spell levels left.
You knew the following spells:

 Your Spells              Type           Power        Failure   Level  Hunger
a - Summon Small Mammal   Summ           ###.         1%          1    #......
s - Call Imp              Summ           ###.....     3%          2    ##.....


Dungeon Overview and Level Annotations

Branches:
Dungeon (2/15)

Altars:

Annotations:
D:2 Sigmund


Innate Abilities, Weirdness & Mutations

Your natural rate of healing is unusually fast.
You have razor-sharp teeth.
You have supernaturally acute eyesight.
You can survive without breathing.
You have a pair of small antennae on your head.
You are partially covered in iridescent scales (AC +4).
You are agile. (Dex +2)


Message History

s - Call Imp
Casting: Summon Small Mammal
Confirm with . or Enter, or press ? or * to list all spells.
* * * LOW MAGIC WARNING * * *
Sigmund barely misses you.
Your quokka misses Sigmund.
Your quokka bites Sigmund.
Sigmund hits your rat with a scythe!
Your rat dies!
Your rat's corpse disappears in a puff of smoke!
Your quokka closely misses Sigmund.
Casting: Summon Small Mammal
Confirm with . or Enter, or press ? or * to list all spells.
A beastly little devil appears in a puff of flame.
* * * LOW MAGIC WARNING * * *
Your quokka closely misses Sigmund.
Casting: Call Imp
Confirm with . or Enter, or press ? or * to list all spells.
You don't have enough magic to cast that spell.
Your quokka bites Sigmund.
Sigmund hits you with a scythe!
You die...

#.......# #######.# #.#
#########.#
.........#.#
#########.#.##
....?.......r.#
######..#.#@.#
#########).#.#@.#
#..........#.#..#
#..........#.#.5#######
...>......#.#........#
!.........#.#.######.#
........#.......####.#
#####.#....#.#..b.#.#
#.#..###....#@#.#
#.#..# ####.#.#.#


You could see Sigmund, a friendly crimson imp and a friendly quokka.

Vanquished Creatures
  An adder (D:2)
  A giant gecko (D:1)
  2 giant cockroaches (D:1)
  A hobgoblin (D:1)
  3 kobolds (D:1)
  An ooze (D:1)
  3 bats
  2 giant newts
  3 goblins
  3 rats
20 creatures vanquished.

Vanquished Creatures (collateral kills)
  An adder (D:2)
  A giant mite (D:1)
  2 hobgoblins (D:1)
  A kobold (D:1)
  A rat (D:1)
6 creatures vanquished.

Vanquished Creatures (others)
  A quokka (D:1)
  2 bats
  2 rats (D:2)
5 creatures vanquished.

Grand Total: 31 creatures vanquished

Notes
Turn   | Place    | Note
--------------------------------------------------------------
     0 | D:1      | PolkaDot, the Vampire Summoner, began the quest for the Orb.
     0 | D:1      | Reached XP level 1. HP: 13/13 MP: 3/3
   171 | D:1      | Reached XP level 2. HP: 19/19 MP: 4/4
   910 | D:2      | Reached XP level 3. HP: 13/25 MP: 1/6
  1113 | D:2      | Reached skill level 5 in Summonings
  1120 | D:2      | Noticed Sigmund
  1133 | D:2      | Gained mutation: You are partially covered in iridescent scales (AC +4). [potion of mutation]
  1133 | D:2      | Gained mutation: You are agile. (Dex +2) [potion of mutation]
  1133 | D:2      | Gained mutation: You have a pair of small antennae on your head. [potion of mutation]
  1175 | D:2      | Learned a level 2 spell: Call Imp
  1179 | D:2      | Mangled by Sigmund

Action                   || total
-------------------------++-------
Melee: Unarmed           ||    15
       Short sword       ||    42
 Cast: Summon Small Mamm ||    19
       Call Imp          ||     1
  Use: Potion            ||     3
 Stab: Sleeping          ||     7
  Eat: Corpse            ||     6
